 Dungeon Crawl Stone Soup version 0.30-a0-953-g5f1da4a474 (webtiles) character file.

Game seed: 12272621204651583673

73 IdlyInterested the Slasher (level 4, -1/34 HPs)
             Began as a Demonspawn Gladiator on Mar 28, 2023.
             Slain by an orc
             ... wielding a +1 flail of protection
              (4 damage)
             ... on level 2 of the Dungeon.
             The game lasted 00:04:55 (817 turns).

IdlyInterested the Slasher (Demonspawn Gladiator)    Turns: 817, Time: 00:04:56

Health: -1/34      AC:  9    Str: 14    XL:     4   Next: 8%
Magic:  4/4        EV:  8    Int:  9    God:
Gold:   52         SH:  0    Dex: 17    Spells: 3/3 levels left

rFire   . . .      SeeInvis .    a - +1 long sword
rCold   . . .      Faith    .    (no shield)
rNeg    . . .      Spirit   .    j - +0 chain mail
rPois   .          Reflect  .    c - +0 helmet
rElec   .          Rampage  .    k - scarf {shadows}
rCorr   .                        (no gloves)
Will    .....                    (no boots) Stlth
                                 (no amulet)
HPRegen 0.25/turn                (no ring)
MPRegen 0.09/turn                (no ring)

@: no status effects
A: powered by pain 1, sturdy frame 1
a: no special abilities


You were on level 2 of the Dungeon.
You visited 1 branch of the dungeon, and saw 2 of its levels.

You collected 52 gold pieces.

Inventory:

Hand Weapons
 a - a +1 long sword (weapon)
Missiles
 d - 3 throwing nets
 i - 4 stones (quivered)
Armour
 c - a +0 helmet (worn)
 j - a +0 chain mail (worn)
 k - a scarf of shadows (worn)
Scrolls
 g - a scroll of immolation
 h - a scroll of enchant weapon
Potions
 f - a potion of mutation


   Skills:
 + Level 2.8 Fighting
 * Level 3.5 Long Blades
 - Level 2.0 Throwing
 - Level 1.0 Armour
 - Level 2.6 Dodging
 - Level 1.0 Stealth


You had 3 spell levels left.
You didn't know any spells.
Your spell library contained the following spells:

 Spells                   Type           Power      Damage    Failure   Level
 Magic Dart               Conj           0%         1d3       99%         1
 Call Imp                 Summ           0%         N/A       100%        2
 Sublimation of Blood     Necr           0%         N/A       100%        2
 Mephitic Cloud           Conj/Pois/Air  0%         N/A       100%        3
 Petrify                  Tmut/Erth      0%         N/A       100%        4
 Irradiate                Conj/Tmut      0%         3d11      100%        5


Dungeon Overview and Level Annotations

Branches:
Dungeon (2/15)

Altars:


Innate Abilities, Weirdness & Mutations

You sometimes gain a little power by taking damage.
Your movements are slightly less encumbered by armour. (ER -2)


Message History

The orc is heavily wounded.
The orc closely misses you.
The orc priest miscasts a cantrip.
You completely miss the orc.
The orc is heavily wounded.
The orc hits you with a +1 flail of protection.
The orc hits you but does no damage.
The orc priest invokes the aid of Beogh against you.
Beogh smites you!
You slash the orc!
You kill the orc!
The orc hits you but does no damage.
The orc throws a boomerang.
The boomerang hits you.
Okay, then.
Throw: javelin
Press: ? - help, Shift-Dir - straight line, f - orc priest
Aim: an orc priest, wielding a +0 hand axe (62% to hit)
You throw a javelin.
The javelin pierces through the orc but does no damage.
The javelin barely misses the orc priest.
The orc barely misses you.
The orc hits you with a +1 flail of protection.
* * * LOW HITPOINT WARNING * * *
The orc closely misses you.
It was a potion of magic.
Magic courses through your body.
The orc hits you with a +1 flail of protection!
* * * LOW HITPOINT WARNING * * *
The orc hits you but does no damage.
You slash the orc!
You kill the orc!
The orc barely misses you.
The orc priest looks encouraged for a moment.
You closely miss the orc. The orc closely misses you.
You slash the orc priest!
The orc priest is heavily wounded.
The orc hits you but does no damage. The orc priest closely misses you.
You hit the orc priest.
The orc priest is severely wounded.
The orc hits you with a +1 flail of protection.
You die...

#.. #.# .. ..(#
.. #..#
.##..####
......o #...#
#o#o# ##.###)#@#
### >......o.#
..#
##.###.#######
#.#
#.##.........
#.#
#.##..#######
#.########.##..#
...............#
####..##########
......#


You could see an orc priest and an orc.

Vanquished Creatures
  An orc priest (D:2)
  A worm (D:2)
  2 dart slugs (D:1)
  2 orcs (D:2)
  2 ball pythons (D:1)
  4 bats
  An endoplasm (D:1)
  A giant cockroach (D:1)
  4 goblins (D:1)
  2 hobgoblins (D:1)
  4 jackals (D:1)
  2 kobolds (D:1)
  A quokka (D:1)
  2 frilled lizards (D:1)
  2 rats (D:1)
31 creatures vanquished.

Vanquished Creatures (others)
  10 plants (D:1)
  A withered plant (D:2)
11 creatures vanquished.

Grand Total: 42 creatures vanquished

Notes
Turn   | Place    | Note
-------+----------+-------------------------------------------
     0 | D:1      | IdlyInterested the Demonspawn Gladiator began the quest for
                  | the Orb.
     0 | D:1      | Reached XP level 1. HP: 16/16 MP: 1/1
   173 | D:1      | Gained mutation: You sometimes gain a little power by
                  | taking damage. [demonic ancestry]
   173 | D:1      | Reached XP level 2. HP: 22/22 MP: 2/2
   177 | D:1      | Reached skill level 3 in Long Blades
   179 | D:1      | Reached skill level 1 in Armour
   352 | D:1      | Reached XP level 3. HP: 28/28 MP: 3/3
   412 | D:1      | Reached skill level 1 in Stealth
   705 | D:2      | Found a faded altar of an unknown god.
   776 | D:2      | Gained mutation: Your movements are slightly less
                  | encumbered by armour. (ER -2) [demonic ancestry]
   776 | D:2      | Reached XP level 4. HP: 27/34 MP: 4/4
   813 | D:2      | HP: 1/34 [orc/+1 flail of protection (7)]
   817 | D:2      | Slain by an orc

Illustrated notes

Levels and vault maps discovered:
D:1:      psy_arrival_wood_between_worlds, layout_rooms, st_stairs_13,
          minmay_pentomino_r2
D:2:      layout_loops_ring, shapermc_ecumenical_altar_gd,
          kennysheep_decorative_pillar

Skill      XL: |  1  2  3 |
---------------+----------+-----
Long Blades    | 3 |  3.5
Armour         | 1 |  1.0
Stealth        | 1 |  1.0
Throwing       | 2 |  2.0
Fighting       | |  2.8
Dodging        | |  2.6

Action                     |  1- 3 |  4- 6 || total
---------------------------+-------+-------++-------
  Melee: Long sword        |    89 |     7 ||    96
         Punch             |     1 |       ||     1
  Throw: Javelin           |       |     1 ||     1
    Use: Scroll            |     3 |       ||     3
         Potion            |       |     1 ||     1
 Armour: Leather armour    |    10 |       ||    10
         Chain mail        |    19 |     4 ||    23
  Dodge: Dodged            |    65 |     6 ||    71

Table legend: (Time is in decaauts)
 A = Elapsed time spent in this place.
 B = Non-inter-level travel time spent in this place.
 C = Inter-level travel time spent in this place.
 D = Time resting spent in this place.
 E = Time spent auto-exploring this place.
 F = Levels seen in this place.
 G = Mean time per level.
                   A        B        C        D        E       F      G
               +--------+--------+--------+--------+--------+-----+--------+
         Total |    841 |    727 |    114 |      0 |    427 |   2 |  420.5 |
       Dungeon |    841 |    727 |    114 |      0 |    427 |   2 |  420.5 |
               +--------+--------+--------+--------+--------+-----+--------+

Top non-repeatable levels by time:
     D:1: 712 daAuts
     D:2: 128 daAuts
